[Event "Titled Tuesday Blitz February 21 Early 2023"]
[White "Andreikin, Dmitry"]
[Black "Halkias, Stelios"]
[WhiteFideId "4158814"]
[BlackFideId "4201809"]
[WhiteElo "2729"]
[BlackElo "2511"]
[Result "1-0"]
[Round "03"]
[TimeControl "180+2"]
[Date "2023.02.21"]
[WhiteClock "0:00:18"]
[BlackClock "0:00:16"]

1. d4 Nf6 2. c4 g6 3. Nc3 Bg7 4. e4 d6 5. h3 O-O 6. Be3 Nc6 7. d5 Ne5 8. f4 Ned7 9. Be2 c6 10. Nf3 cxd5 11. cxd5 b6 12. O-O Nc5 13. Nd2 a5 14. Rc1 e6 15. dxe6 fxe6 16. Nc4 Nfxe4 17. Nxe4 Nxe4 18. Nxb6 Bb7 19. Nxa8 Bxa8 20. Bf3 Ng3 21. Rf2 Nf5 22. Qe2 d5 23. Bc5 Re8 24. Qb5 Nd4 25. Qb6 Nxf3+ 26. Rxf3 Qf6 27. Rd1 Qxb2 28. Qxb2 Bxb2 29. Bd4 Rb8 30. Bxb2 Rxb2 31. Rb3 Rxb3 32. axb3 Kf7 33. Ra1 d4 34. b4 a4 35. Rxa4 Bd5 36. Ra7+ Kf6 37. g4 g5 38. fxg5+ Kxg5 39. Rxh7 Kf4 40. Kf2 e5 41. Rd7 Bc6 42. Rd6 Be8 43. g5 e4 44. g6 Kg5 45. g7 e3+ 46. Ke1 Bh5 47. g8=Q+ 1-0


[Site "https://www.chess.com"]

[Event "Titled Tuesday Blitz February 21 Early 2023"]
[White "Dubov, Daniil"]
[Black "Zahid, Sanatan"]
[WhiteFideId "24126055"]
[BlackFideId "10201963"]
[WhiteElo "2708"]
[BlackElo "1930"]
[Result "1-0"]
[Round "03"]
[TimeControl "180+2"]
[Date "2023.02.21"]
[WhiteClock "0:00:05"]
[BlackClock "0:00:30"]

1. d4 Nf6 2. Nf3 e6 3. Bg5 b6 4. e4 h6 5. Bxf6 Qxf6 6. c3 Bb7 7. Nbd2 g6 8. Bd3 Bg7 9. O-O O-O 10. Nc4 Qe7 11. Ne3 d5 12. exd5 exd5 13. Re1 Qd8 14. h4 h5 15. Ng5 Bh6 16. f4 Nd7 17. Qf3 c6 18. Qg3 Qf6 19. f5 Rae8 20. Rf1 Qg7 21. Rae1 Bc8 22. Qd6 Nf6 23. fxg6 fxg6 24. Qxc6 Kh8 25. Qd6 Rd8 26. Qg3 Rde8 27. Rf3 Bg4 28. Nxg4 Rxe1+ 29. Qxe1 hxg4 30. Rf4 Re8 31. Qf1 Bxg5 32. hxg5 Nh5 33. Rf7 Qg8 34. g3 Nxg3 35. Qf6+ 1-0


[Site "https://www.chess.com"]

[Event "Titled Tuesday Blitz February 21 Early 2023"]
[White "Kislinsky, Alexey"]
[Black "Caruana, Fabiano"]
[WhiteFideId "14108801"]
[BlackFideId "2020009"]
[WhiteElo "2357"]
[BlackElo "2764"]
[Result "1-0"]
[Round "03"]
[TimeControl "180+2"]
[Date "2023.02.21"]
[WhiteClock "0:00:19"]
[BlackClock "0:00:03"]

1. e4 e5 2. d4 exd4 3. Qxd4 Nc6 4. Qd3 Nf6 5. Nc3 Bb4 6. Bd2 O-O 7. O-O-O Re8 8. Nge2 d6 9. Bg5 h6 10. Bxf6 Qxf6 11. Nd5 Qd8 12. Nxb4 Nxb4 13. Qd2 a5 14. Nc3 Be6 15. Kb1 Qf6 16. f3 Rad8 17. a3 Nc6 18. Bb5 Rf8 19. h4 Ne5 20. Be2 c6 21. f4 Nc4 22. Bxc4 Bxc4 23. g4 Qe7 24. g5 h5 25. f5 b5 26. f6 Qe5 27. fxg7 Kxg7 28. Ne2 b4 29. a4 b3 30. Nd4 Qxe4 31. Rhe1 bxc2+ 32. Nxc2 Qxh4 33. Qc3+ Kg8 34. Rd4 Qf2 35. Rxc4 Rfe8 36. Rce4 Rxe4 37. Rxe4 d5 38. Re7 d4 39. Qxa5 Rb8 40. Qe5 Qf1+ 41. Qe1 Qd3 42. Re8+ Rxe8 43. Qxe8+ Kg7 44. Qe5+ Kh7 45. Qxd4 Qf5 46. Qf6 Qd5 47. Nd4 Kg8 48. g6 Qe4+ 49. Ka1 fxg6 50. Qe6+ Qxe6 51. Nxe6 Kf7 52. Ng5+ Ke7 53. a5 Kd6 54. b4 Kc7 55. Kb2 Kb7 56. Kb3 h4 57. Kc4 Kb8 58. Kc5 Kb7 59. Nh3 Kc7 60. a6 1-0


[Site "https://www.chess.com"]

[Event "Titled Tuesday Blitz February 21 Early 2023"]
[White "EREBUNI91"]
[Black "Sarana, Alexey"]
[BlackFideId "24133795"]
[WhiteElo "2722"]
[BlackElo "2685"]
[Result "0-1"]
[Round "03"]
[TimeControl "180+2"]
[Date "2023.02.21"]
[WhiteClock "0:00:18"]
[BlackClock "0:01:05"]

1. e4 e5 2. Nf3 Nc6 3. Bb5 a6 4. Ba4 b5 5. Bb3 Na5 6. O-O d6 7. d4 exd4 8. Nxd4 Bb7 9. c3 Nf6 10. Bc2 g6 11. Re1 Bg7 12. e5 dxe5 13. Rxe5+ Kf8 14. a4 Nc4 15. Re1 c5 16. Nf3 Qb6 17. b3 Rd8 18. Qe2 Re8 19. Qd1 Rxe1+ 20. Qxe1 Nd6 21. axb5 axb5 22. Bf4 Nfe4 23. Be5 Bxe5 24. Nxe5 Kg7 25. Ng4 Re8 26. Ne3 c4 27. Nd2 cxb3 28. Bxb3 Nxc3 29. Ndc4 Nxc4 30. Qxc3+ Ne5 31. f4 b4 0-1


[Site "https://www.chess.com"]

[Event "Titled Tuesday Blitz February 21 Early 2023"]
[White "Le, Tuan Minh"]
[Black "Horvath, Dominik"]
[WhiteFideId "12401153"]
[BlackFideId "1642561"]
[WhiteElo "2542"]
[BlackElo "2523"]
[Result "0-1"]
[Round "03"]
[TimeControl "180+2"]
[Date "2023.02.21"]
[WhiteClock "0:00:03"]
[BlackClock "0:00:37"]

1. d4 Nf6 2. Nf3 d5 3. Bg5 Nbd7 4. e3 e6 5. c4 Be7 6. Nc3 h6 7. Bh4 O-O 8. Qc2 c5 9. cxd5 Nxd5 10. Bxe7 Nxe7 11. Be2 b6 12. dxc5 Nxc5 13. Rd1 Qc7 14. Nb5 Qc6 15. Nfd4 Qe4 16. Bf3 Qxc2 17. Nxc2 Bb7 18. Bxb7 Nxb7 19. Ke2 a6 20. Nc3 Rfd8 21. g4 Kf8 22. h4 Ke8 23. g5 h5 24. Nd4 Nd6 25. Kf3 Ndf5 26. Nce2 Rac8 27. Nf4 Nxd4+ 28. exd4 g6 29. Rd2 Nf5 30. Ke4 Rc4 31. Ne2 Rd5 32. b3 Rb4 33. f4 a5 34. Rh3 a4 35. bxa4 Rxa4 36. Rb3 b5 37. Nc3 Raxd4+ 38. Rxd4 Rxd4+ 39. Ke5 b4 40. Nb5 Rd5+ 41. Kf6 Rxb5 42. Rd3 Rd5 43. Rb3 Rd4 44. a3 Rxf4 45. Ke5 Nd4 46. Rb1 Rxh4 47. axb4 Nc6+ 48. Kd6 Nxb4 49. Ra1 Kf8 50. Ra4 Kg7 51. Ra1 Rg4 52. Rf1 Nd5 53. Ke5 Rxg5+ 54. Kd6 Rf5 55. Rh1 g5 56. Kd7 h4 57. Ke8 Kg6 58. Kf8 Nf4 59. Kg8 h3 60. Re1 g4 61. Kf8 h2 62. Ke7 g3 0-1


[Site "https://www.chess.com"]

[Event "Titled Tuesday Blitz February 21 Early 2023"]
[White "Talibov, Shiroghlan"]
[Black "Martinez Alcantara, Jose Eduardo"]
[WhiteFideId "13429078"]
[BlackFideId "3805662"]
[WhiteElo "2359"]
[BlackElo "2619"]
[Result "1/2-1/2"]
[Round "03"]
[TimeControl "180+2"]
[Date "2023.02.21"]
[WhiteClock "0:00:05"]
[BlackClock "0:00:08"]

1. e4 e5 2. Nf3 Nf6 3. Nxe5 d6 4. Nf3 Nxe4 5. d3 Nf6 6. d4 Be7 7. Bd3 O-O 8. h3 Nbd7 9. O-O b6 10. Re1 Bb7 11. Nbd2 Re8 12. Nf1 Bf8 13. Ng3 Bxf3 14. gxf3 Rxe1+ 15. Qxe1 g6 16. Kg2 d5 17. c3 Bd6 18. Qe2 c5 19. Bg5 Qc7 20. Qd2 Re8 21. Bb5 Re6 22. Re1 cxd4 23. cxd4 Kg7 24. Rxe6 fxe6 25. Ne2 Kf7 26. a3 Nh5 27. Qe3 Ng7 28. Ng3 Nf6 29. Bd3 Nfh5 30. Ne2 Nf5 31. Bxf5 exf5 32. Nc3 Qc6 33. Kf1 Ng7 34. Qd3 Ne6 35. Be3 Nc7 36. Kg2 b5 37. Qd2 Ne6 38. Qd3 a6 39. Qd1 Bxa3 40. Nxd5 Qxd5 41. bxa3 f4 42. Bc1 Qxd4 43. Qc2 Qc4 44. Qd1 Ke7 45. Bb2 Qc5 46. Qe2 Qg5+ 47. Kf1 Qd5 48. Kg2 h5 49. Qc2 Qg5+ 50. Kf1 Qf5 51. Qc6 Qd3+ 52. Kg2 Qc4 53. Qb7+ Kd6 54. Qxa6+ Qc6 55. Qa5 g5 56. Qd2+ Ke7 57. Qd3 h4 58. Qf5 Kd7 59. Bf6 Qc5 60. Qxc5 Nxc5 61. Bxg5 Nd3 62. Bxh4 Ke6 63. Bd8 Ne1+ 64. Kf1 Nxf3 65. Bc7 Kf5 66. Ke2 Ng1+ 67. Kd3 Nxh3 68. Kd4 Nxf2 69. Bxf4 Kxf4 70. Kc5 Ne4+ 71. Kxb5 Ke5 72. a4 Kd6 73. Kb6 Nc5 74. a5 Kd5 75. Kb5 Kd6 76. a6 Nxa6 1/2-1/2


[Site "https://www.chess.com"]

[Event "Titled Tuesday Blitz February 21 Early 2023"]
[White "Costachi, Mihnea"]
[Black "Fedoseev, Vladimir"]
[WhiteFideId "1217518"]
[BlackFideId "24130737"]
[WhiteElo "2476"]
[BlackElo "2680"]
[Result "0-1"]
[Round "03"]
[TimeControl "180+2"]
[Date "2023.02.21"]
[WhiteClock "0:00:06"]
[BlackClock "0:00:25"]

1. Nc3 Nc6 2. d4 e5 3. d5 Nce7 4. e4 d6 5. f4 exf4 6. Bxf4 Ng6 7. Bg3 Be7 8. Nf3 Bf6 9. Bd3 N8e7 10. O-O O-O 11. h3 c6 12. Kh1 Qc7 13. Qd2 Rd8 14. Rae1 Ne5 15. Nxe5 Bxe5 16. Bxe5 dxe5 17. Bc4 cxd5 18. Nxd5 Nxd5 19. Bxd5 Be6 20. c4 Qxc4 21. Bxc4 Rxd2 22. Bxe6 fxe6 23. Rc1 Rf8 24. Rxf8+ Kxf8 25. Rc8+ Ke7 26. Rc7+ Rd7 27. Rc2 Kf6 28. g3 Rd4 29. Re2 Rd3 30. Kg2 h5 31. h4 a5 32. Rf2+ Ke7 33. Rc2 Kd6 34. Kf2 b5 35. a3 a4 36. Kg2 Re3 37. Rd2+ Kc5 38. Rd7 Re2+ 39. Kh3 Rxb2 40. Rxg7 Rb3 41. Rg5 Kd4 42. Rxh5 Rxa3 43. Rh7 b4 44. Rb7 b3 45. h5 Ra1 46. Kg2 Rc1 47. h6 Rc8 48. g4 Kc3 49. g5 a3 50. h7 a2 51. Rc7+ Rxc7 52. h8=Q Rc5 53. Qf8 Ra5 54. Qc8+ Kb2 55. g6 a1=Q 56. g7 Ra8 57. g8=Q Rxc8 58. Qxc8 Qa4 59. Qxe6 Qxe4+ 60. Kf2 Qd4+ 61. Ke2 e4 62. Qa6 Qd3+ 63. Qxd3 exd3+ 64. Kxd3 Ka2 65. Kc3 b2 66. Kc2 b1=Q+ 0-1


[Site "https://www.chess.com"]

[Event "Titled Tuesday Blitz February 21 Early 2023"]
[White "Lenderman, Aleksandr"]
[Black "Leiva, Gianmarco"]
[WhiteFideId "2021285"]
[BlackFideId "3804399"]
[WhiteElo "2572"]
[BlackElo "2392"]
[Result "0-1"]
[Round "03"]
[TimeControl "180+2"]
[Date "2023.02.21"]
[WhiteClock "0:00:38"]
[BlackClock "0:00:07"]

1. d4 Nf6 2. c4 e6 3. g3 d5 4. Bg2 Be7 5. Nc3 O-O 6. Nf3 c6 7. O-O b6 8. Nd2 Ba6 9. b3 b5 10. c5 b4 11. Na4 Bb5 12. a3 Na6 13. axb4 Nxb4 14. Nc3 Qb8 15. Ba3 Na6 16. Nxb5 Qxb5 17. e4 dxe4 18. Nxe4 Nd5 19. Re1 Nab4 20. Qd2 a5 21. Bf1 Qb7 22. Bc4 Rfd8 23. Red1 Rd7 24. h4 Qc8 25. h5 h6 26. Bxb4 Nxb4 27. Ra4 Qd8 28. Qf4 Rxd4 29. Rda1 Rd1+ 30. Kg2 Rxa1 31. Rxa1 Qd4 32. Re1 Nd5 33. Qf3 a4 34. Nd6 Bxd6 35. cxd6 a3 36. Bxd5 Qxd5 37. Rd1 a2 38. d7 Qxf3+ 39. Kxf3 Rd8 40. Ra1 Rxd7 41. Ke2 Ra7 42. Kd3 Kf8 43. Kc4 Ke7 44. Kc5 Kd7 45. Kb6 Ra3 46. Rd1+ Ke7 47. Ra1 Rxb3+ 48. Kxc6 Rb2 49. f4 Rg2 50. Kc5 Rxg3 51. Rxa2 Rh3 52. Ra7+ Kf6 53. Kd6 Rxh5 54. Kd7 Rd5+ 55. Ke8 Rf5 56. Kf8 Kg6 57. Ra4 h5 58. Ra1 h4 59. Rg1+ Kf6 60. Rxg7 Rxf4 61. Rxf7+ Ke5 0-1


[Site "https://www.chess.com"]

[Event "Titled Tuesday Blitz February 21 Early 2023"]
[White "Dehtiarov, Roman"]
[Black "Daneshvar, Bardiya"]
[WhiteFideId "14186640"]
[BlackFideId "12576468"]
[WhiteElo "2289"]
[BlackElo "2540"]
[Result "1-0"]
[Round "03"]
[TimeControl "180+2"]
[Date "2023.02.21"]
[WhiteClock "0:00:06"]
[BlackClock "0:00:02"]

1. e4 Nf6 2. Nc3 d5 3. e5 Ne4 4. d4 Nxc3 5. bxc3 c5 6. f4 Bf5 7. Nf3 e6 8. Bd3 Bxd3 9. Qxd3 Nc6 10. O-O g6 11. Rb1 c4 12. Qe2 Qc7 13. g4 h5 14. h3 O-O-O 15. Ng5 Bh6 16. Ba3 hxg4 17. Bd6 Rxd6 18. exd6 Qd7 19. Qxg4 Bf8 20. Nf3 Bxd6 21. Ne5 Bxe5 22. fxe5 Rh7 23. Rf4 Ne7 24. Rbf1 Nf5 25. h4 Kb8 26. Qg5 a6 27. Kf2 Ka7 28. Ke2 Rh5 29. Qf6 Ng3+ 30. Kd2 Nxf1+ 31. Rxf1 Rh7 32. Rf4 Qe8 33. Rf2 Qf8 34. Kc1 Qa3+ 35. Kd2 Qxa2 36. Qe7 Qb1 37. Rxf7 Rh8 38. Qc5+ Qb6 39. Qxb6+ Kxb6 40. Rf6 Rxh4 41. Rxe6+ Kc7 42. Rxg6 Rh8 43. Rg7+ Kc6 44. Rg6+ Kc7 45. Rg7+ Kc8 46. Kc1 Rd8 47. Kb2 Rd7 48. Rg8+ Kc7 49. Ka3 Rh7 50. Kb4 b6 51. Rg6 Rh2 52. Rg7+ Kc8 53. Rg8+ Kd7 54. Rg7+ Kd8 55. Rg8+ Ke7 56. Rg7+ Kd8 57. Rb7 Rh6 58. Ra7 Kc8 59. Rxa6 Kb7 60. Ra1 Rh2 61. Rc1 Kc6 62. Ka3 b5 63. Kb2 Rd2 64. Rf1 b4 65. Rf6+ Kb5 66. Rd6 b3 67. Rxd5+ Ka4 68. Rc5 Rxc2+ 69. Kb1 Rxc3 70. e6 Kb4 71. e7 Rh3 72. e8=Q Rh1+ 73. Kb2 Rh2+ 74. Kc1 b2+ 75. Kb1 c3 76. Qb5+ Ka3 77. Rxc3# 1-0


[Site "https://www.chess.com"]

[Event "Titled Tuesday Blitz February 21 Early 2023"]
[White "Golubka, Petro"]
[Black "Alekseenko, Kirill"]
[WhiteFideId "14114224"]
[BlackFideId "4135539"]
[WhiteElo "2371"]
[BlackElo "2686"]
[Result "1-0"]
[Round "03"]
[TimeControl "180+2"]
[Date "2023.02.21"]
[WhiteClock "0:00:06"]
[BlackClock "0:00:06"]

1. e4 e5 2. Bb5 Nf6 3. Nc3 c6 4. Ba4 b5 5. Bb3 b4 6. Na4 Nxe4 7. Qe2 d5 8. d3 Nf6 9. Qxe5+ Be7 10. Nf3 O-O 11. O-O Bd6 12. Qd4 Nbd7 13. Bg5 h6 14. Bh4 Qc7 15. Bg3 c5 16. Qh4 Bb7 17. c3 a5 18. d4 c4 19. Bc2 Rfe8 20. Rfe1 Ne4 21. Bxe4 dxe4 22. Nd2 f5 23. Bxd6 Qxd6 24. Nxc4 Qc6 25. b3 Ba6 26. d5 Qc7 27. Ne3 f4 28. Nf5 bxc3 29. d6 Qd8 30. Ne7+ Kh7 31. Nxc3 Nf6 32. Qxf4 Bd3 33. Rad1 Ra6 34. Nxe4 Bxe4 35. Rxe4 Nxe4 36. Qf5+ Kh8 37. Ng6+ Kg8 38. d7 Ree6 39. Qf8+ Qxf8 40. Nxf8 Rad6 41. d8=Q Rxd8 42. Rxd8 Rc6 43. h4 Rc1+ 44. Kh2 Nxf2 45. h5 Kf7 46. Ng6 Ng4+ 47. Kg3 Nf6 48. Nf4 Rc2 49. a4 Rb2 50. Rb8 Ne4+ 51. Kg4 Nc5 52. Rb5 Ne4 53. Kf3 Ng5+ 54. Ke3 Rb1 55. Kd3 Rf1 56. g3 Rf3+ 57. Kc2 Rxg3 58. Rxa5 Ne4 59. Ra7+ Kf6 60. Rc7 Ke5 61. Nd3+ Kd4 62. Rc4+ Ke3 63. Nc5 Rg2+ 64. Kc1 Nd2 65. Rc3+ Kf4 66. Ne6+ Ke5 67. Re3+ Kd6 68. Nf4 Rh2 69. Rd3+ Ke5 70. Rxd2 Rh1+ 71. Rd1 Rh4 72. Nd3+ Kd4 73. Kc2 Rxh5 74. Nf4+ 1-0


[Site "https://www.chess.com"]

[Event "Titled Tuesday Blitz February 21 Early 2023"]
[White "Korchmar, Vasiliy"]
[Black "Erigaisi Arjun"]
[WhiteFideId "24131750"]
[BlackFideId "35009192"]
[WhiteElo "2438"]
[BlackElo "2701"]
[Result "0-1"]
[Round "03"]
[TimeControl "180+2"]
[Date "2023.02.21"]
[WhiteClock "0:00:01"]
[BlackClock "0:00:11"]

1. e4 c6 2. d4 d5 3. e5 Bf5 4. Nd2 e6 5. Nb3 a6 6. Nf3 Nd7 7. Be2 c5 8. dxc5 Nxc5 9. Nfd4 Bg6 10. O-O Rc8 11. Be3 Na4 12. Rb1 Be7 13. f4 Nh6 14. g4 Be4 15. f5 Bg5 16. Qd2 Bxe3+ 17. Qxe3 exf5 18. gxf5 Qh4 19. Nd2 Nc5 20. b4 Nd7 21. Nxe4 Qxe4 22. Qxe4 dxe4 23. e6 Nf6 24. c4 Ke7 25. c5 Rhd8 26. Rbd1 a5 27. a3 axb4 28. axb4 Nd5 29. exf7 Nc3 30. Bc4 Nxd1 31. Rxd1 Nxf7 32. Be6 Ra8 33. c6 Ne5 34. c7 Rxd4 35. Rxd4 Nf3+ 36. Kf2 Nxd4 37. c8=Q Rxc8 38. Bxc8 b6 39. Ke3 Nc2+ 40. Kxe4 Nxb4 41. Ke5 Nd3+ 42. Kd5 Kf6 43. Kc6 Ne5+ 44. Kxb6 Nf3 45. h3 Ng5 46. Kc5 Nxh3 47. Kd4 Ng5 48. Kd5 h5 49. Bd7 h4 50. Kd4 h3 51. Ke3 Ke5 52. Kf2 Kf4 53. Bc8 Ne4+ 54. Kg1 Kg3 55. Bb7 h2+ 56. Kh1 Nf2# 0-1


[Site "https://www.chess.com"]

[Event "Titled Tuesday Blitz February 21 Early 2023"]
[White "Liyanage, Ranindu Dilshan"]
[Black "Lazavik, Denis"]
[WhiteFideId "9915834"]
[BlackFideId "13515110"]
[WhiteElo "2342"]
[BlackElo "2544"]
[Result "0-1"]
[Round "03"]
[TimeControl "180+2"]
[Date "2023.02.21"]
[WhiteClock "0:00:06"]
[BlackClock "0:00:09"]

1. e4 c5 2. Nc3 Nc6 3. Bb5 Nd4 4. Bc4 e6 5. Nge2 Nf6 6. O-O a6 7. a4 d5 8. exd5 exd5 9. Ba2 Be7 10. d3 Nc6 11. Nf4 d4 12. Ncd5 O-O 13. Re1 Bd6 14. Qf3 Ne5 15. Qg3 Ng6 16. Qg5 Nxd5 17. Qxd8 Rxd8 18. Nxd5 Bf5 19. Bg5 Re8 20. Nb6 Rab8 21. Bd5 Bc7 22. a5 h6 23. Bd2 Be6 24. Bxe6 fxe6 25. Nc4 e5 26. Re4 Re7 27. Rae1 Rbe8 28. h4 Kf7 29. h5 Nf8 30. b4 Nd7 31. bxc5 Nxc5 32. R4e2 Nd7 33. Bb4 Re6 34. Re4 Nf6 35. R4e2 Nxh5 36. g3 Nf6 37. Kg2 e4 38. dxe4 Rxe4 39. Rxe4 Rxe4 40. Rxe4 Nxe4 41. Kf3 Ng5+ 42. Ke2 Ke6 43. Bf8 Kf7 44. Ba3 Ne4 45. Bb2 Nd6 46. Nxd6+ Bxd6 47. Bxd4 h5 48. Bb6 Ke6 49. Kf3 Kf5 50. c4 g5 51. Kg2 Ke4 52. Bd8 g4 53. Bb6 Be5 54. Ba7 Kd3 55. c5 Bc3 56. Bb6 Ke4 57. Kh2 Bd4 58. Kg2 Kd5 59. f3 Bxc5 60. Bd8 Bd4 61. fxg4 hxg4 62. Kf1 Ke4 63. Ke2 Be5 64. Kf2 Bd6 65. Ke2 Bxg3 0-1


[Site "https://www.chess.com"]

[Event "Titled Tuesday Blitz February 21 Early 2023"]
[White "Korobov, Anton"]
[Black "Basso, Pier Luigi"]
[WhiteFideId "14105730"]
[BlackFideId "866970"]
[WhiteElo "2664"]
[BlackElo "2506"]
[Result "1/2-1/2"]
[Round "03"]
[TimeControl "180+2"]
[Date "2023.02.21"]
[WhiteClock "0:00:23"]
[BlackClock "0:00:21"]

1. c4 e6 2. d4 d5 3. Nc3 c6 4. e4 dxe4 5. Nxe4 Bb4+ 6. Nc3 e5 7. a3 Bxc3+ 8. bxc3 Qa5 9. Bd2 Nf6 10. Nf3 e4 11. Ne5 Nbd7 12. Nxd7 Bxd7 13. Be2 O-O 14. O-O Rfe8 15. Re1 h6 16. a4 Qc7 17. Qc1 Bg4 18. Bf1 Qd7 19. Bf4 Nh5 20. Be3 Nf6 21. a5 b5 22. axb6 axb6 23. Qb2 Qc7 24. Reb1 Rxa1 25. Rxa1 Be6 26. h3 Rb8 27. Ra6 b5 28. c5 Nd5 29. Qa1 Nxe3 30. fxe3 Qg3 31. Qc1 Bd5 32. Qd2 g5 33. Qf2 Qxf2+ 34. Kxf2 Kg7 35. g4 Kg6 36. Be2 Rf8 37. Kg3 f6 38. h4 gxh4+ 39. Kxh4 Rb8 40. Kg3 Kg5 41. Ra7 Kg6 42. Kf4 Rf8 43. Rd7 Rb8 44. Bd1 Ra8 45. Bc2 Ra3 46. Bxe4+ Bxe4 47. Kxe4 Rxc3 48. Rd6 Kg5 49. Rxc6 Kxg4 50. Rxf6 h5 51. c6 b4 52. d5 b3 53. Rf8 h4 54. Rg8+ Kh3 55. d6 b2 56. Rb8 Rxc6 57. Kd5 Rc2 58. d7 Rd2+ 59. Ke6 Kg3 60. Rxb2 Rxb2 61. d8=Q Re2 62. Qg5+ Kh3 63. Kf5 Rf2+ 64. Ke5 Rg2 65. Qf4 Rg4 66. Qf3+ Rg3 67. Qh1+ Kg4 68. e4 h3 69. Ke6 Rg2 70. e5 Kg3 71. Ke7 h2 72. Qe1+ Kh3 73. Qe3+ Rg3 74. Qe4 Rg1 75. Qf3+ Kh4 76. Qf4+ Kh3 77. Qh6+ Kg2 78. Qg5+ Kf2 79. Qh4+ Kg2 80. Qg4+ Kf2 81. Qf4+ Kg2 82. Qd2+ Kh3 83. Qd3+ Kh4 84. Qe4+ Kh3 85. Qf3+ Kh4 86. Qe4+ Kh3 1/2-1/2


[Site "https://www.chess.com"]

[Event "Titled Tuesday Blitz February 21 Early 2023"]
[White "UnknownMagician"]
[Black "Svane, Rasmus"]
[BlackFideId "4657101"]
[WhiteElo "2686"]
[BlackElo "2623"]
[Result "1/2-1/2"]
[Round "03"]
[TimeControl "180+2"]
[Date "2023.02.21"]
[WhiteClock "0:00:04"]
[BlackClock "0:00:16"]

1. c4 e6 2. Nf3 d5 3. e3 Nf6 4. Nc3 dxc4 5. Bxc4 a6 6. O-O b5 7. Be2 Bb7 8. b3 Bd6 9. Bb2 O-O 10. d4 Nbd7 11. a4 b4 12. Nb1 c5 13. Nbd2 Rc8 14. Nc4 Bb8 15. a5 Qe7 16. Nfe5 Rfd8 17. Qb1 Be4 18. Bd3 Nxe5 19. Nxe5 Bxe5 20. Bxe4 cxd4 21. f4 Nxe4 22. Qxe4 Bf6 23. Bxd4 Bxd4 24. exd4 Qd7 25. Rfd1 Rc3 26. d5 exd5 27. Qxb4 Rc6 28. Qd4 h6 29. h3 Rc2 30. Rd2 Rxd2 31. Qxd2 d4 32. Qd3 Qd6 33. f5 Qf6 34. Rd1 Rd5 35. b4 Qd6 36. Qe4 Qd7 37. f6 gxf6 38. Rd3 Kg7 39. Rg3+ Rg5 40. Rd3 Rd5 41. Rg3+ Kf8 42. Qh7 d3 43. Re3 Re5 44. Rxd3 Qc7 45. Qxh6+ Ke7 46. Qd2 Re4 47. Re3 Qa7 48. Kf2 Kf8 49. Kf3 Rc4 50. Qd6+ Kg7 51. Qg3+ Kf8 52. Qd6+ Kg7 53. Qg3+ Kf8 54. Qd6+ 1/2-1/2


[Site "https://www.chess.com"]

[Event "Titled Tuesday Blitz February 21 Early 2023"]
[White "Lizak, Peter"]
[Black "Tabatabaei, M. Amin"]
[WhiteFideId "731595"]
[BlackFideId "12521213"]
[WhiteElo "2411"]
[BlackElo "2677"]
[Result "0-1"]
[Round "03"]
[TimeControl "180+2"]
[Date "2023.02.21"]
[WhiteClock "0:00:03"]
[BlackClock "0:00:44"]

1. d4 e6 2. Nc3 d5 3. Bf4 Bb4 4. a3 Bxc3+ 5. bxc3 c5 6. e3 Qa5 7. Qd2 Nf6 8. c4 Qxd2+ 9. Kxd2 g5 10. Be5 Ne4+ 11. Ke1 f6 12. Bxb8 Rxb8 13. f3 Nd6 14. dxc5 Nxc4 15. Bxc4 dxc4 16. h4 Kf7 17. hxg5 fxg5 18. Nh3 Kg6 19. Nf2 Rd8 20. Ng4 Bd7 21. Rd1 Ba4 22. Rh6+ Kg7 23. Rxe6 Bxc2 24. Rc1 Bb3 25. Ne5 c3 26. Rd6 c2 27. Kd2 Rbc8 28. f4 b6 29. Rxd8 Rxd8+ 30. Kc3 Rd1 31. Kb2 bxc5 32. g4 c4 33. Rxc2 Bxc2 34. Kxc2 Rg1 35. Kc3 Rg3 36. Kxc4 Rxe3 0-1


[Site "https://www.chess.com"]

[Event "Titled Tuesday Blitz February 21 Early 2023"]
[White "Bortnyk, Mykola"]
[Black "Starozhilov, Leonid"]
[WhiteFideId "14120836"]
[BlackFideId "14106752"]
[WhiteElo "2425"]
[BlackElo "2313"]
[Result "1/2-1/2"]
[Round "03"]
[TimeControl "180+2"]
[Date "2023.02.21"]
[WhiteClock "0:00:06"]
[BlackClock "0:00:04"]

1. e4 g6 2. d4 Bg7 3. Nc3 d6 4. h3 Nc6 5. Be3 e5 6. Nge2 exd4 7. Nxd4 Nf6 8. g3 O-O 9. Bg2 Nxd4 10. Bxd4 Bd7 11. O-O Bc6 12. Qd3 Re8 13. Rae1 Nd7 14. Bxg7 Kxg7 15. f4 Nb6 16. Qd4+ f6 17. a4 a5 18. b3 Qd7 19. g4 h6 20. g5 Qf7 21. gxf6+ Qxf6 22. e5 dxe5 23. fxe5 Qg5 24. e6+ Kg8 25. Ne4 Bxe4 26. Rxe4 Rad8 27. Qf2 Rf8 28. e7 Rxf2 29. exd8=Q+ Qxd8 30. Rxf2 Qd1+ 31. Kh2 Qd6+ 32. Kh1 h5 33. c4 Kg7 34. Ref4 Nd7 35. Rf7+ Kh6 36. Bxb7 Ne5 37. Rf8 Qd1+ 38. Kg2 Nd3 39. R2f7 Kg5 40. Rf3 Ne1+ 41. Kf2 Qd2+ 42. Kf1 Nxf3 43. Rxf3 Kh4 44. Kg1 c5 45. Bd5 g5 46. Kf1 g4 47. hxg4 hxg4 48. Rf2 Qd1+ 49. Kg2 Qd3 50. Rf8 Qe2+ 51. Kg1 g3 52. Rh8+ Kg5 53. Rg8+ Kf4 54. Rf8+ Kg5 55. Rg8+ Kh4 56. Rh8+ Kg5 57. Rg8+ 1/2-1/2


[Site "https://www.chess.com"]

[Event "Titled Tuesday Blitz February 21 Early 2023"]
[White "Makarian, Rudik"]
[Black "Alex_Sahakyan2006"]
[WhiteFideId "44105681"]
[WhiteElo "2545"]
[BlackElo "2664"]
[Result "1-0"]
[Round "03"]
[TimeControl "180+2"]
[Date "2023.02.21"]
[WhiteClock "0:00:17"]
[BlackClock "0:00:08"]

1. d4 Nf6 2. c4 c5 3. dxc5 Na6 4. g3 Nxc5 5. Nc3 g6 6. Bg2 Bg7 7. Nh3 O-O 8. O-O d6 9. Nf4 Bf5 10. Be3 Rc8 11. Rc1 Nce4 12. Nxe4 Bxe4 13. Bxe4 Nxe4 14. Qd5 Nc5 15. b4 Nd7 16. Qxb7 Rb8 17. Qxa7 Rxb4 18. Rfd1 Qe8 19. Rb1 Rxb1 20. Rxb1 Ne5 21. c5 dxc5 22. Bxc5 Nc6 23. Qb7 Qa8 24. a3 Rd8 25. Qxa8 Rxa8 26. Nd5 e6 27. Rb6 Nd4 28. Ne7+ Kh8 29. e3 Nf5 30. Nxf5 gxf5 31. Bd6 Bf6 32. Rb8+ Rxb8 33. Bxb8 Be7 34. a4 Bd8 35. Be5+ Kg8 36. Bc3 Kf8 37. a5 Ke7 38. a6 1-0


[Site "https://www.chess.com"]

[Event "Titled Tuesday Blitz February 21 Early 2023"]
[White "Mindlin, Alon"]
[Black "Terry, Renato"]
[WhiteFideId "2800071"]
[BlackFideId "3803457"]
[WhiteElo "2435"]
[BlackElo "2520"]
[Result "0-1"]
[Round "03"]
[TimeControl "180+2"]
[Date "2023.02.21"]
[WhiteClock "0:00:08"]
[BlackClock "0:00:06"]

1. d4 e6 2. c4 Bb4+ 3. Nc3 c5 4. e3 Bxc3+ 5. bxc3 Qa5 6. Bd2 Nf6 7. Bd3 Nc6 8. Nf3 d6 9. O-O Qc7 10. e4 e5 11. d5 Ne7 12. Rb1 Ng6 13. Ne1 h5 14. Bg5 Bg4 15. Qa4+ Bd7 16. Qc2 h4 17. f4 exf4 18. Bxf4 Ng4 19. Be2 h3 20. g3 Nxf4 21. Bxg4 Ng6 22. Bxd7+ Qxd7 23. Nd3 O-O 24. Qf2 b6 25. Qf5 Qa4 26. Nf4 Nxf4 27. gxf4 Qxc4 28. Rbe1 Qxc3 29. e5 Rae8 30. Qe4 f5 31. Qe3 Qc4 32. Qxh3 Qxd5 33. Rd1 Qxa2 34. Rxd6 Re6 35. Qf3 Rxd6 36. exd6 Qd2 37. Rd1 Qc2 38. Qd5+ Kh7 39. Rd3 Qc1+ 40. Kg2 Qc2+ 41. Kg1 Qc1+ 42. Kg2 Qc2+ 43. Kg3 Rd8 44. Qxf5+ Kh8 45. d7 Kg8 46. Qe6+ Kh7 47. Rd5 Qg6+ 48. Qg4 Qxg4+ 49. Kxg4 Kg6 50. h4 c4 51. f5+ Kf6 52. h5 c3 53. Rd3 c2 54. Rc3 Rxd7 55. Rc6+ Kf7 56. Rxc2 Rb7 57. Kg5 b5 58. Rh2 b4 59. h6 gxh6+ 60. Rxh6 Kg8 61. f6 b3 62. Rh1 b2 63. Rb1 a5 64. Kg6 a4 65. f7+ Kf8 66. Kf6 Rb6+ 67. Ke5 a3 0-1


[Site "https://www.chess.com"]

[Event "Titled Tuesday Blitz February 21 Early 2023"]
[White "Shuvalova, Polina"]
[Black "Vokhidov, Shamsiddin"]
[WhiteFideId "24171760"]
[BlackFideId "14204223"]
[WhiteElo "2484"]
[BlackElo "2586"]
[Result "0-1"]
[Round "03"]
[TimeControl "180+2"]
[Date "2023.02.21"]
[WhiteClock "0:00:08"]
[BlackClock "0:01:06"]

1. d4 Nf6 2. c4 g6 3. Nc3 c5 4. d5 d6 5. e4 Bg7 6. h3 e6 7. dxe6 Bxe6 8. Nf3 O-O 9. Bf4 Qa5 10. Bd3 Nc6 11. O-O Rad8 12. Re1 Ne5 13. Bxe5 dxe5 14. Nd5 Nd7 15. Ng5 Nb8 16. Qb3 Rd7 17. Be2 Nc6 18. Qc3 Qd8 19. Nxe6 fxe6 20. Ne3 Qh4 21. g3 Qf6 22. Rf1 Nd4 23. Rae1 h5 24. h4 Bh6 25. Bd1 g5 26. Ng2 g4 27. b4 Bd2 28. Qb2 Bxe1 29. Nxe1 cxb4 30. Qxb4 Nc6 31. Qb3 Rd2 32. Nd3 Rd8 33. Nc5 b6 34. Na4 Nd4 35. Qe3 Rxd1 36. Rxd1 Nf3+ 37. Qxf3 gxf3 38. Rxd8+ Qxd8 0-1


[Site "https://www.chess.com"]